 Dungeon Crawl Stone Soup version 0.19.0-11-g3fc08b3 (webtiles) character file.

392 Gargoyl the Distorting Demonspawn (level 6, -14/48 HPs)
             Began as a Demonspawn Abyssal Knight on Nov 10, 2016.
             Was a Believer of Lugonu.
             Demolished by an ogre
             ... wielding a +0 giant spiked club
              (18 damage)
             ... on level 5 of the Dungeon.
             The game lasted 00:09:19 (3703 turns).

Gargoyl the Distorting Demonspawn (DsAK)            Turns: 3703, Time: 00:09:19

Health: -14/48     AC: 11    Str: 14    XL:     6   Next: 51%
Magic:  9/9        EV:  6    Int: 13    God:    Lugonu [**....]
Gold:   103        SH:  0    Dex: 13    Spells: 0 memorised, 5 levels left

rFire  . . .     SeeInvis .     d - +1 glaive of Blind Justice {vamp, rElec rC+ MR+} (curse)
rCold  + . .     Gourm    .     s - +0 chain mail
rNeg   . . .     Faith    .     (shield currently unavailable)
rPois  .         Spirit   .     (helmet restricted)
rElec  +         Reflect  .     (no cloak)
rCorr  .         Harm     .     (no gloves)
MR     +....                    (no boots)
Stlth  ..........               (no amulet)
                                (no ring)
                                (no ring)

@: no status effects
A: horns 1, icy blue scales 1, powered by death 1
a: Depart the Abyss, Bend Space, Renounce Religion


You were on level 5 of the Dungeon.
You worshipped Lugonu.
Lugonu was pleased with you.
You were not hungry.

You visited 1 branch of the dungeon, and saw 5 of its levels.
You visited the Abyss 1 time.

You collected 103 gold pieces.

Inventory:

Hand Weapons
 a - a +1 hand axe
 d - the cursed +1 glaive of Blind Justice (weapon) {vamp, rElec rC+ MR+}
   (You found it on level 2 of the Abyss)

   It inflicts no extra harm, but heals its wielder when it wounds a living foe.
   It protects you from cold.
   It insulates you from electricity.
   It affects your resistance to hostile enchantments.
   It has a curse placed upon it.
Armour
 s - a +0 chain mail (worn)
Scrolls
 c - 3 scrolls of identify {unknown}
 e - 2 scrolls of amnesia {unknown}
 h - 2 scrolls of fog {unknown}
 l - 2 scrolls of enchant weapon {unknown}
 n - 2 scrolls of recharging {unknown}
 o - a scroll of immolation {unknown}
 p - a scroll of random uselessness {unknown}
 t - a scroll of blinking {unknown}
 v - a scroll of enchant armour {unknown}
 w - a scroll of teleportation {unknown}
Potions
 b - 3 potions of curing {unknown}
 f - 2 potions of haste {unknown}
 i - a potion of mutation {unknown}
 j - a potion of agility
 m - a potion of beneficial mutation {unknown}
Comestibles
 g - 2 beef jerkies
 q - 2 bread rations
 r - 3 meat rations


   Skills:
 + Level 3.9 Fighting
 + Level 1.7(3.0) Axes
 + Level 3.6(3.9) Polearms
 * Level 3.5 Armour
 + Level 1.5 Dodging
 * Level 4.0 Invocations


You had 5 spell levels left.
You didn't know any spells.

Dungeon Overview and Level Annotations

Branches:
Dungeon (5/15)
 Temple: D:4-7

Altars:


Innate Abilities, Weirdness & Mutations

You have a pair of small horns on your head.
You are partially covered in icy blue scales. (AC +2)
You regenerate a little health from kills.


Message History

You hit the jelly but do no damage.
Your hands burn!
You headbutt the jelly.
The jelly is moderately wounded.
The jelly hits you but does no damage.
The ogre hits you with a giant spiked club!
You slash the jelly!
You feel better.
You kill the jelly!
Lugonu accepts your kill.
The ogre hits you with a giant spiked club.
You slash the ogre!
You headbutt the ogre, but do no damage.
The ogre is moderately wounded.
The ogre closely misses you.
You hit the ogre.
The ogre is heavily wounded.
The ogre hits you with a giant spiked club!
* * * LOW HITPOINT WARNING * * *
You closely miss the ogre. You headbutt the ogre.
The ogre is almost dead.
The ogre hits you with a giant spiked club!!
You die...

### #<# #.# #.#
#####.##########
##.....#<........
#......$.....#
#........@O..#
#............#
##+#>............
#.########.....
#. ...... ..
...... .. .....
.....


You could see an ogre.

Vanquished Creatures
  A scorpion (D:3)
  An orc priest (D:4)
  A centaur skeleton (D:4)
  A jelly (D:5)
  An orc wizard (D:4)
  A hound (D:4)
  2 worker ants (D:4)
  3 adders
  A gnoll (D:4)
  An ooze (D:2)
  2 adder skeletons (D:4)
  4 worms
  3 leopard geckos
  5 orcs
  4 giant cockroaches
  6 goblins
  8 hobgoblins
  3 jackals (D:1)
  8 kobolds
  2 quokkas
  A ball python (D:4)
  13 bats
  4 frilled lizards
  A leopard gecko skeleton (D:4)
  14 rats
91 creatures vanquished.

Notes
Turn   | Place    | Note
-------+----------+-------------------------------------------
     0 | Abyss:1  | Gargoyl the Demonspawn Abyssal Knight began the quest for the Orb.
     0 | Abyss:1  | Reached XP level 1. HP: 18/18 MP: 2/2
     1 | Abyss:1  | Found a corrupted altar of Lugonu.
    35 | Abyss:2  | Got an ichor-stained glaive
    39 | Abyss:2  | Identified the cursed +1 glaive of Blind Justice {vamp, rElec rC+ MR+} (You found it on level 2 of the Abyss)
    73 | Abyss:2  | Noticed a glowing orange brain
    81 | Abyss:2  | Noticed a smoke demon
    81 | Abyss:2  | Noticed an ancient zyme
    82 | D:1      | Escaped the Abyss
   151 | D:1      | Gained mutation: You regenerate a little health from kills. [demonic ancestry]
   151 | D:1      | Reached XP level 2. HP: 22/24 MP: 3/3
   333 | D:1      | Reached skill level 1 in Dodging
   393 | D:1      | Reached * piety under Lugonu
   916 | D:2      | Reached XP level 3. HP: 29/29 MP: 5/5
  1048 | D:2      | Reached skill level 1 in Polearms
  1546 | D:2      | Reached skill level 3 in Invocations
  1555 | D:2      | Gained mutation: You are partially covered in icy blue scales. (AC +2) [demonic ancestry]
  1555 | D:2      | Reached XP level 4. HP: 32/36 MP: 6/6
  1740 | D:2      | Reached ** piety under Lugonu
  1961 | D:2      | Found a faded altar of an unknown god.
  2083 | D:3      | You fall through a shaft!
  2537 | D:3      | Reached XP level 5. HP: 29/42 MP: 7/7
  3116 | D:4      | Gained mutation: You have a pair of small horns on your head. [demonic ancestry]
  3116 | D:4      | Reached XP level 6. HP: 39/48 MP: 8/8
  3429 | D:4      | Reached skill level 4 in Invocations
  3685 | D:5      | Entered Level 5 of the Dungeon
  3703 | D:5      | Demolished by an ogre

Skill      XL: |  1  2  3  4  5  6 |
---------------+-------------------+-----
Dodging        | 1 |  1.5
Armour         | 2 3 |  3.5
Polearms       | 1 2 3 |  3.6
Invocations    | 3 4 |  4.0
Fighting       | |  3.9
Axes           | |  1.7

Action                   |  1- 3 |  4- 6 || total
-------------------------+-------+-------++-------
Melee: Glaive            |   166 |   161 ||   327
       Headbutt          |       |     8 ||     8
Invok: Depart the Abyss  |     1 |       ||     1
  Use: Potion            |       |     3 ||     3
 Stab: Sleeping          |     1 |       ||     1
  Eat: Bread ration      |     1 |       ||     1
       Chunk             |     3 |     7 ||    10
Armor: Leather armour    |    74 |    26 ||   100
       Chain mail        |       |    95 ||    95
Dodge: Dodged            |   131 |   111 ||   242
